 Dungeon Crawl Stone Soup version 0.19-a0-1922-g1e9a4c1 (webtiles) character file.

117 Morenatsu the Chopper (level 4, -14/38 HPs)
             Began as a Centaur Fighter on Oct 24, 2016.
             Killed by divine providence
             ... invoked by an orc priest
              (15 damage)
             ... on level 4 of the Dungeon.
             The game lasted 00:03:10 (1949 turns).

Morenatsu the Chopper (Centaur Fighter)             Turns: 1949, Time: 00:03:11

Health: -14/38     AC:  9    Str: 20    XL:     4   Next: 71%
Magic:  4/4        EV:  7    Int:  7    God:
Gold:   163        SH:  0    Dex:  8    Spells: 0 memorised, 3 levels left

rFire  . . .     SeeInvis .     a - +0 war axe
rCold  . . .     Gourm    .     b - +0 scale mail
rNeg   . . .     Faith    .     (no shield)
rPois  +         Spirit   .     g - +1 hat
rElec  .         Reflect  .     p - +0 cloak (curse)
rCorr  .         Harm     .     k - +0 pair of gloves
MR     .....                    (no barding)
Stlth  ..........               (no amulet)
                                (no ring)
                                h - ring of poison resistance

@: very quick
A: hooves 3, deformed body, speed 2, tough skin 3
a: no special abilities


You were on level 4 of the Dungeon.
You were not hungry.

You visited 1 branch of the dungeon, and saw 4 of its levels.

You collected 163 gold pieces.

Inventory:

Hand Weapons
 a - a +0 war axe (weapon)
Armour
 b - a +0 scale mail (worn)
 g - a +1 hat (worn)
 k - a +0 pair of gloves (worn)
 p - a cursed +0 cloak (worn)
Jewellery
 h - a ring of poison resistance (left hand)
Scrolls
 e - 4 scrolls of identify
 j - a scroll of fear
 l - a scroll of remove curse
 o - 3 scrolls of enchant armour {unknown}
Potions
 c - 2 potions of heal wounds
 d - a potion of might
Comestibles
 f - 3 bread rations
 i - a meat ration
 m - a royal jelly
 n - 2 chunks of flesh


   Skills:
 - Level 3.0 Fighting
 + Level 4.5 Axes
 - Level 2.1 Armour
   Level 2.1 Shields


You had 3 spell levels left.
You didn't know any spells.

Dungeon Overview and Level Annotations

Branches:
Dungeon (4/15)
 Temple: D:4-7

Altars:
Fedhas


Innate Abilities, Weirdness & Mutations

You have hooves in place of feet.
Armour fits poorly on your strangely shaped body.
You cover ground very quickly.
You have extremely tough skin. (AC +3)


Message History

You closely miss the orc. The orc priest hits you with a club.
The orc barely misses you. The orc hits you but does no damage.
An orc comes into view.
You closely miss the orc priest. Your kick misses the orc priest.
The orc priest is almost dead.
You barely miss the orc.
The orc priest hits you but does no damage.
The orc barely misses you. x2
You slash the orc priest!
You kill the orc priest!
You barely miss the orc.
The orc hits you from afar with a trident.
The orc hits you but does no damage.
The orc priest mumbles some strange prayers to Beogh against you.
Beogh smites you!
* * * LOW HITPOINT WARNING * * *
The giant cockroach barely misses you.
The orc priest calls down the wrath of Beogh upon you.
Beogh smites you!
You die...

... #.# #.# #.# .
#.# ## ...
#.###..#..
..#..###.#s......
.......<@.oo.oo..
.....##.#######..
... .... .
..#...# ... ##...
## #####


You could see an orc priest, 3 orcs and a giant cockroach.

Vanquished Creatures
  An orc priest (D:4)
  2 adders
  3 dart slugs
  A leopard gecko (D:1)
  An orc (D:3)
  A ball python (D:2)
  2 giant cockroaches
  5 goblins
  8 hobgoblins
  11 jackals
  9 bats
  2 frilled lizards
  5 kobolds
  7 rats
58 creatures vanquished.

Notes
Turn   | Place    | Note
-------+----------+-------------------------------------------
     0 | D:1      | Morenatsu the Centaur Fighter began the quest for the Orb.
     0 | D:1      | Reached XP level 1. HP: 19/19 MP: 1/1
   118 | D:1      | Reached skill level 2 in Axes
   264 | D:1      | Reached XP level 2. HP: 26/26 MP: 2/2
   388 | D:1      | Reached skill level 3 in Axes
   545 | D:1      | Reached XP level 3. HP: 24/31 MP: 3/3
  1239 | D:3      | Reached XP level 4. HP: 38/38 MP: 4/4
  1251 | D:3      | Found a blossoming altar of Fedhas.
  1359 | D:3      | Reached skill level 4 in Axes
  1948 | D:4      | HP: 1/38 [orc priest/divine providence (14)]
  1949 | D:4      | Killed from afar by an orc priest

Vault maps used:
D:1:      shiori_arrival_oz
D:3:      lemuel_round_altar, first_bread
D:4:      overflow_temple_1_default, serial_shops, nicolae_shop_trees,
          lightli_sewer_entry_pipes, hangedman_decor_opposing

Skill      XL: |  1  2  3  4 |
---------------+-------------+-----
Axes           | 2 3 4 |  4.5
Fighting       | |  3.0
Armour         | |  2.1
Shields        | |  2.1

Action                   |  1- 3 |  4- 6 || total
-------------------------+-------+-------++-------
Melee: War axe           |   132 |    44 ||   176
       Kick              |    19 |     6 ||    25
  Use: Scroll            |     6 |     2 ||     8
  Eat: Chunk             |       |     2 ||     2
Armor: Scale mail        |   106 |    32 ||   138
Dodge: Dodged            |    60 |    23 ||    83
Block: Shield            |     3 |       ||     3
